 Dungeon Crawl Stone Soup version 0.27-a0-1196-g3e9cee4 (webtiles) character file.

Game seed: 16279187789884179742

71 Meow the Sneak (level 4, 36/36 HPs)
             Began as a Naga Venom Mage on May 27, 2021.
             Quit the game on level 2 of the Dungeon.
             The game lasted 00:04:20 (1762 turns).

Meow the Sneak (Naga Venom Mage)                    Turns: 1762, Time: 00:04:20

Health: 36/36      AC:  2    Str: 11    XL:     4   Next: 24%
Magic:  8/8        EV:  9    Int: 16    God:
Gold:   111        SH:  0    Dex: 11    Spells: 1/8 levels left

rFire    . . .     SeeInvis +   a - +0 hunting sling
rCold    . . .     Faith    .   (no shield)
rNeg     + . .     Spirit   .   b - +0 robe
rPois    +         Reflect  .   (no helmet)
rElec    .         Harm     .   (no cloak)
rCorr    .         Rampage  .   (no gloves)
Will     +....                  (no barding)
Stlth    +++.......             (no amulet)
HPRegen  0.12/turn              l - ring of positive energy
MPRegen  0.11/turn              d - ring of willpower

@: very slow
A: AC +1, large, see invisible, deformed body, poison resistance, slowness 2,
spit poison 1, naga tail 1
a: Spit Poison


You were on level 2 of the Dungeon.
You visited 1 branch of the dungeon, and saw 2 of its levels.

You collected 111 gold pieces.

Inventory:

Hand Weapons
 a - a +0 hunting sling (weapon)
 j - a +0 dagger of venom
 k - a +0 mace
Missiles
 e - 63 stones (quivered ammo)
Armour
 b - a +0 robe (worn)
Jewellery
 d - a ring of willpower (right hand)
 l - a ring of positive energy (left hand)
Scrolls
 f - 2 scrolls of immolation {unknown}
 g - a scroll of fear {unknown}
 i - a scroll of summoning {unknown}
 n - a scroll of holy word {unknown}
Potions
 c - a potion of resistance {unknown}
 h - a potion of curing {unknown}
 m - a potion of ambrosia {unknown}


   Skills:
 - Level 1.5 Dodging
 * Level 5.0 Stealth
 + Level 2.8 Spellcasting
 + Level 1.5 Conjurations
 - Level 1.0 Transmutations
 - Level 4.0 Poison Magic


You had one spell level left.
You knew the following spells:

 Your Spells              Type           Power      Damage    Failure   Level
a - Sting                 Tmut/Pois      40%        1d5       7%          1
c - Mephitic Cloud        Conj/Pois/Air  8%         N/A       26%         3
C - Ignite Poison         Fire/Tmut/Pois 7%         N/A       28%         3

Your spell library contained the following spells:

 Spells                   Type           Power      Damage    Failure   Level
 Poisonous Vapours        Pois/Air       16%        N/A       13%         2
 Olgreb's Toxic Radiance  Pois           15%        N/A       36%         4


Dungeon Overview and Level Annotations

Branches:
Dungeon (2/15)

Altars:

Shops:
D:1 =


Innate Abilities, Weirdness & Mutations

Your serpentine skin is tough. (AC +1)
You have supernaturally acute eyesight. (SInv)
Armour fits poorly on your strangely shaped body.
Your system is resistant to poisons. (rPois)
You cover ground very slowly.
You can spit poison.
You have a snake-like lower body.


Message History

The splash of poison misses the rat.
Unknown command.
Fire: 63 stones
Press: ? - help, Q - select action, (/) - cycle Shift-Dir - straight line, f/p - rat
Aim: a rat (54% to hit)
You shoot a stone. The stone hits the rat!
You kill the rat!
Unknown command.
You have got your breath back.
e - 63 stones (gained 1)
e - 64 stones (gained 1)
An adder comes into view.
Press: ? - help, Shift-Dir - straight line, f - adder
Aim: an adder (asleep)
The splash of poison hits the adder.
The adder is poisoned.
The adder is heavily wounded.
The adder hisses angrily.
Fire: 64 stones
Press: ? - help, Q - select action, (/) - cycle Shift-Dir - straight line, f/p - adder
Aim: an adder (heavily wounded, poisoned, 32% to hit)
You shoot a stone. The stone hits the adder.
The adder is severely wounded.
Casting: Sting (safe; 7% risk of failure)
Confirm with . or Enter, or press ? or * to list all spells.
Aiming: Sting (safe; 7% risk of failure)
Press: ? - help, Shift-Dir - straight line, f/p - adder
Aim: an adder (severely wounded, poisoned, 53% to hit)
The sting hits the adder.
The adder looks even sicker.
You kill the adder!
You have got your breath back.
Your Stealth skill increases to level 5!
e - 64 stones (gained 1)
A rat comes into view.
Fire: 64 stones
Press: ? - help, Q - select action, (/) - cycle Shift-Dir - straight line, f - rat
Aim: a rat (asleep, 98% to hit)
You shoot a stone. The stone hits the rat.
You kill the rat!
Unknown command.
Are you sure you want to abandon this character and quit the game? (Confirm with "yes".)

#.# #.#.#
#.# #.#.#
#####.#
#.#.#
#...#.#
#.#.#
#...#.#
#.#.#
#...#.# #.#
##...#.#
#.#
.......#
#.#########
########
#..@......(
......<
###########
#######


There were no monsters in sight!

Vanquished Creatures
  An adder (D:2)
  A worm (D:2)
  4 dart slugs
  4 bats
  2 endoplasms (D:2)
  A giant cockroach (D:2)
  11 goblins
  4 hobgoblins (D:1)
  2 quokkas (D:1)
  5 ball pythons
  4 frilled lizards (D:1)
  12 rats
51 creatures vanquished.

Notes
Turn   | Place    | Note
-------+----------+-------------------------------------------
     0 | D:1      | Meow the Naga Venom Mage began the quest for the Orb.
     0 | D:1      | Reached XP level 1. HP: 15/15 MP: 3/3
    49 | D:1      | Found a faded altar of an unknown god.
   151 | D:1      | Found Vuparakk's Jewellery Boutique.
   287 | D:1      | Reached XP level 2. HP: 15/22 MP: 0/5
   671 | D:1      | Reached skill level 4 in Stealth
   771 | D:1      | Reached XP level 3. HP: 28/28 MP: 4/6
   774 | D:1      | Reached skill level 1 in Conjurations
   778 | D:1      | Learned a level 3 spell: Ignite Poison
   782 | D:1      | Learned a level 3 spell: Mephitic Cloud
  1537 | D:2      | Reached XP level 4. HP: 36/36 MP: 5/8
  1734 | D:2      | Reached skill level 5 in Stealth
  1762 | D:2      | Quit the game

Illustrated notes

Levels and vault maps discovered:
D:1:      lightli_arrival_windingriver, layout_rooms, serial_shops,
          nicolae_shop_statue_plus, serial_co_window_serial, co_window_paths_b,
          co_window_of_opportunity_a, co_window_paths_a, co_window_corner_a,
          co_window_of_opportunity_a, co_window_corner_b, co_window_broadway_b,
          co_window_unsneaky_path_b, co_window_4corner_a, glass_columns_a,
          glass_columns_c, glass_columns_c, glass_columns_a,
          basic_ecumenical_altar, minmay_rat_gold_closets
D:2:      layout_basic

Skill      XL: |  1  2  3  4 |
---------------+-------------+-----
Stealth        | 4 5 |  5.0
Conjurations   | 1 |  1.5
Dodging        | |  1.5
Spellcasting   | |  2.8
Transmutations | |  1.0
Poison Magic   | |  4.0

Action                   |  1- 3 |  4- 6 || total
-------------------------+-------+-------++-------
Melee: Mace              |     3 |       ||     3
 Fire: Hunting sling     |     1 |     7 ||     8
Throw: Stone             |     7 |       ||     7
 Cast: Sting             |    40 |     2 ||    42
 Abil: Spit Poison       |    44 |     3 ||    47
Armor: Robe              |     2 |       ||     2
Dodge: Dodged            |    10 |       ||    10

Table legend: (Time is in decaauts)
 A = Elapsed time spent in this place.
 B = Non-inter-level travel time spent in this place.
 C = Inter-level travel time spent in this place.
 D = Time resting spent in this place.
 E = Time spent auto-exploring this place.
 F = Levels seen in this place.
 G = Mean time per level.
                   A        B        C        D        E       F      G
               +--------+--------+--------+--------+--------+-----+--------+
         Total |   2284 |   2268 |     16 |    275 |   1700 |   2 | 1142.0 |
       Dungeon |   2284 |   2268 |     16 |    275 |   1700 |   2 | 1142.0 |
               +--------+--------+--------+--------+--------+-----+--------+

Top non-repeatable levels by time:
     D:1: 1337 daAuts
     D:2: 946 daAuts
